Map: Ruins of Seras

Players

lesha

  • Race: Terran Terran

A.I. 1 (Harder) - Winner!

  • Race: Protoss Protoss

VOD

Have the link to the VOD?

Description

Time

  • Played on: Dec. 1, 2015, 10:43 a.m.
  • Length: 6:54
Show
View Real Time Build Order
Export as new Build Order

lesha Terran 

Build Orders:  

Get SALT Encoding   

  12  0:02  SCV  
  13  0:15  SCV  
  13  0:20  Supply Depot  
  14  0:27  SCV  
  15  0:41  SCV  
  16  0:45  Barracks  
  16  0:53  SCV  
  17  1:05  Refinery  
  17  1:06  SCV  
  18  1:18  SCV  
  19  1:37  Marine  
  19  1:39  Command Center  
  20  1:44  Orbital Command  
  20  2:01  Supply Depot  
  20  2:07  Marine  
  21  2:32  Command Center  
  21  2:35  SCV  
  22  2:39  Refinery  
  22  2:47  SCV  
  22  2:51  Marine  
  24  2:59  SCV  
  25  3:09  Factory, Marine  
  25  3:11  SCV  
  26  3:23  SCV  
  27  3:48  Bunker  
  27  3:49  SCV  
  27  3:53  Orbital Command  
  28  4:02  SCV  
  29  4:09  Factory Tech Lab  
  29  4:21  Barracks x2  
  29  4:23  Barracks  
  29  4:25  Engineering Bay  
  29  4:28  Starport  
  29  4:29  Supply Depot  
  29  4:33  Barracks Tech Lab  
  29  4:39  SCV  
  29  4:40  SCV  
  31  4:47  Refinery  
  31  4:52  SCV x2, Refinery  
  33  4:58  Marine  
  33  4:59  Supply Depot  
  34  5:09  Starport  
  34  5:11  Starport Reactor  
  34  5:12  Barracks Reactor x2  
  34  5:16  Marine  
  34  5:17  Marine  
  36  5:26  Supply Depot  
  36  5:32  SCV  
  36  5:33  SCV  
  36  5:34  Marine x2  
  40  5:44  SCV  
  40  5:45  SCV  
  42  5:50  Supply Depot  
  42  5:51  Marine  
  42  5:56  Barracks Reactor  
  42  5:57  SCV x2  
  44  5:59  Marine x4  
  49  6:09  Marine  
  50  6:17  Missile Turret, Marine x3  
  42  6:38  Missile Turret  
Show
View Real Time Build Order
Export as new Build Order

A.I. 1 (Harder) Protoss - Winner!

Build Orders:  

Get SALT Encoding   

  12  0:01  Probe (Chrono Boost)  
  13  0:11  Probe (Chrono Boost)  
  14  0:21  Pylon  
  14  0:22  Probe (Chrono Boost)  
  15  0:39  Probe (Chrono Boost)  
  16  0:47  Assimilator  
  16  0:50  Gateway, Probe (Chrono Boost)  
  17  0:59  Pylon  
  17  1:00  Probe (Chrono Boost)  
  18  1:11  Probe (Chrono Boost)  
  19  1:23  Probe (Chrono Boost)  
  20  1:33  Zealot  
  22  1:40  Cybernetics Core  
  22  1:43  Gateway  
  22  1:48  Assimilator  
  22  2:05  Pylon  
  22  2:16  Adept  
  22  2:21  Warp Gate  
  24  2:28  Stalker  
  26  2:42  Zealot  
  28  2:52  Pylon  
  28  2:58  Zealot  
  30  3:07  Stalker  
  32  3:23  Adept  
  32  3:24  Pylon  
  34  3:36  Adept  
  36  3:47  Probe (Chrono Boost)  
  37  3:50  Stalker  
  39  3:59  Probe (Chrono Boost)  
  39  4:02  Adept  
  40  4:08  Forge  
  43  4:11  Probe (Chrono Boost)  
  43  4:16  Pylon  
  43  4:19  Adept  
  43  4:23  Probe (Chrono Boost)  
  46  4:35  Probe (Chrono Boost)  
  46  4:36  Adept  
  50  4:47  Probe (Chrono Boost)  
  50  4:54  Stalker  
  52  5:44  Sentry  
  52  5:46  Gateway  
  54  5:51  Stalker, Pylon  
  54  5:52  Nexus  
  56  6:05  Stalker  
  56  6:10  Twilight Council  
  58  6:13  Stalker  
  58  6:28  Stalker  
  58  6:35  Stalker  
  60  6:42  Stalker  
  60  6:46  Pylon  
  62  6:48  Robotics Facility  
  62  6:50  Sentry  
Tags
 
Add a new tag
Caveats
  • Supply blocks, unpowered buildings, or Contaminate may cause inaccurate times.
  • Supply counts are checked every 10 seconds.